 Dungeon Crawl Stone Soup version 0.31-a0-180-g519b7de00c (webtiles) character file.

Game seed: 9460342592414167611

21 qw the Shooter (level 2, 0/26 HPs)
             Began as a Naga Hunter on June 19, 2023.
             Slain by an endoplasm (1 damage)
             ... on level 2 of the Dungeon.
             The game lasted 00:00:12 (366 turns).

qw the Shooter (Naga Hunter)                         Turns: 366, Time: 00:00:13

Health: 0/26       AC:  2    Str: 13    XL:     2   Next: 83%
Magic:  2/2        EV:  9    Int:  9    God:
Gold:   37         SH:  0    Dex: 14    Spells: 1/1 levels left

rFire   + . .        Y - +0 shortbow
rCold   . . .        (shield currently unavailable)
rNeg    . . .        c - +0 leather armour
rPois   +            (no helmet)
rElec   .            (no cloak)
rCorr   .            (no gloves)
SInv    +            (no barding)
Will    .....        (no amulet)
Stlth   ++           b - ring of protection from fire
HPRegen 0.24/turn    (no ring)
MPRegen 0.08/turn

%: no passive effects
@: short of breath, very slow
A: AC +0, large, see invisible, deformed body, poison resistance, slowness 2,
spit poison 1, naga tail 1
a: Spit Poison


You were on level 2 of the Dungeon.
You visited 1 branch of the dungeon, and saw 2 of its levels.

You collected 37 gold pieces.


Innate Abilities, Weirdness & Mutations

Your serpentine skin is tough. (AC +0)
You have supernaturally acute eyesight. (SInv)
Armour fits poorly on your strangely shaped body.
Your system is resistant to poisons. (rPois)
You cover ground very slowly.
You can spit poison.
You have a snake-like lower body.


   Skills:
 - Level 2.0 Fighting
 + Level 4.3 Ranged Weapons
 - Level 1.5 Dodging
 - Level 1.5 Stealth


You had one spell level left.
You didn't know any spells.
Your spell library was empty.

Inventory:

Hand Weapons
 Y - a +0 shortbow (weapon)
Armour
 c - a +0 leather armour (worn)
Jewellery
 b - a ring of protection from fire (left hand)
Potions
 d - a potion of brilliance {unknown}

Dungeon Overview and Level Annotations

Branches:
Dungeon (2/15)

Altars:

Annotations:
D:1 2 transporters


Message History

Press: ? - help, Shift-Dir - straight line, f - ball python The splash of poison hits the ball python.
The ball python is poisoned.
The ball python is moderately wounded.
The ball python hisses angrily.
You hear a shout! x2
You shoot an arrow. The arrow hits the bat.
You kill the bat!
The endoplasm quivers.
A hobgoblin comes into view.
You shoot an arrow.
The arrow closely misses the ball python.
The hobgoblin shouts!
You hear an angry hiss.
A hobgoblin comes into view.
You shoot an arrow.
The arrow closely misses the ball python.
You have got your breath back.
The ball python bites you but does no damage.
The ball python bites you.
362 ||| INVOKING Spit Poison.
Aiming: Spit Poison (2% risk of failure)
Press: ? - help, Shift-Dir - straight line, f/p - ball python The splash of poison hits the ball python!
You kill the ball python!
You shoot an arrow. The arrow barely misses the hobgoblin.
The hobgoblin hits you. The endoplasm hits you. The rat bites you.
The hobgoblin hits you.
You shoot an arrow. The arrow barely misses the hobgoblin.
The rat barely misses you. The hobgoblin hits you. The endoplasm freezes you.
You are frozen.
The hobgoblin hits you but does no damage.
You shoot an arrow. The arrow barely misses the hobgoblin.
The hobgoblin hits you. The rat bites you. The hobgoblin hits you.
The endoplasm hits you but does no damage.
You shoot an arrow. The arrow hits the hobgoblin.
You kill the hobgoblin!
The hobgoblin barely misses you. The rat bites you. The endoplasm hits you.
You die...

.... # ... ..
... ... ..
....#####.
.........##
.......g..##
.......@!..#
.......rJ..#
##.............
#.........##..
............. #
..?........###
...........#
#......J...#


You could see 2 endoplasms, a hobgoblin and a rat.

Vanquished Creatures
  A ball python (D:2)
  4 endoplasms (D:1)
  2 goblins (D:1)
  3 hobgoblins
  2 quokkas (D:1)
  4 bats
  A frilled lizard (D:1)
  2 kobolds (D:1)
19 creatures vanquished.

Notes
Turn   | Place    | Note
-------+----------+-------------------------------------------
     0 | D:1      | qw the Naga Hunter began the quest for the Orb.
     0 | D:1      | Reached XP level 1. HP: 19/19 MP: 1/1
     0 | D:1      | 0 ||| qw: Version: 0.3-a-7-ge0c9b40
     0 | D:1      | 0 ||| qw: Game counter: 1014
     0 | D:1      | 0 ||| qw: Always use a shield: true
     0 | D:1      | 0 ||| qw: God list: Okawaru
     0 | D:1      | 0 ||| qw: Allow faded altars: false
     0 | D:1      | 0 ||| qw: Do Orc after D:15 true
     0 | D:1      | 0 ||| qw: Do second Lair branch before Depths: true
     0 | D:1      | 0 ||| qw: Lair rune preference: random
     0 | D:1      | 0 ||| qw: Plans: Normal
     0 | D:1      | 0 ||| PLANNING D:1-11
    13 | D:1      | 13 ||| INVOKING Spit Poison.
    85 | D:1      | 85 ||| INVOKING Spit Poison.
    93 | D:1      | 93 ||| INVOKING Spit Poison.
    96 | D:1      | 96 ||| INVOKING Spit Poison.
    98 | D:1      | Reached skill level 4 in Ranged Weapons
    98 | D:1      | Reached XP level 2. HP: 26/26 MP: 2/2
   101 | D:1      | 101 ||| INVOKING Spit Poison.
   107 | D:1      | 107 ||| INVOKING Spit Poison.
   111 | D:1      | 111 ||| INVOKING Spit Poison.
   193 | D:1      | Found a faded altar of an unknown god.
   195 | D:1      | 195 ||| INVOKING Spit Poison.
   200 | D:1      | 200 ||| INVOKING Spit Poison.
   201 | D:1      | 201 ||| INVOKING Spit Poison.
   202 | D:1      | 202 ||| INVOKING Spit Poison.
   251 | D:1      | 251 ||| INVOKING Spit Poison.
   252 | D:1      | 252 ||| DROPPING scroll of butterflies.
   260 | D:1      | 260 ||| INVOKING Spit Poison.
   337 | D:1      | You fall into a shaft and drop 1 floor!
   353 | D:2      | 353 ||| UPGRADING to ring of protection from fire.
   354 | D:2      | 354 ||| READING scroll labelled QEECAHUAST.
   358 | D:2      | 358 ||| INVOKING Spit Poison.
   362 | D:2      | 362 ||| INVOKING Spit Poison.
   365 | D:2      | HP: 6/26 [hobgoblin (3)]
   365 | D:2      | HP: 1/26 [hobgoblin (4)]
   366 | D:2      | Slain by an endoplasm

Levels and vault maps discovered:
D:1:      spicycebolla_arrival_transporter_tutorial, layout_rooms,
          dreamdust_ecumenical_altar_angels_and_demons, minmay_quantized
D:2:      layout_rooms, uniq_terence

Skill      XL: |  1 |
---------------+----+-----
Ranged Weapons | 4 |  4.3
Fighting       | |  2.0
Dodging        | |  1.5
Stealth        | |  1.5

Action                     || total
---------------------------++-------
   Fire: Shortbow          ||    41
Ability: Spit Poison       ||    13
    Use: Scroll            ||     1
 Armour: Leather armour    ||     6
  Dodge: Dodged            ||    11

Table legend:
 A = Non-vault XP
 B = Vault XP
 C = Vault XP percentage of total XP
 D = Non-vault monster count
 E = Vault monster count
 F = Vault count percentage of total count
                 A         B        C        D         E       F
            +---------+---------+-------+---------+---------+-------
      Total |      32 |       0 |   0.0 |      19 |       0 |   0.0
            +---------+---------+-------+---------+---------+-------
        D:1 |      26 |       0 |   0.0 |      16 |       0 |   0.0
        D:2 |       6 |       0 |   0.0 |       3 |       0 |   0.0
            +---------+---------+-------+---------+---------+-------
